 Dungeon Crawl Stone Soup version 0.29.1-1-gd02db6906a (webtiles) character file.

Game seed: 11095760766974293901

27 firemarshallily the Poker (level 2, 0/23 HPs)
             Began as a Demonspawn Gladiator on Oct 20, 2022.
             Was a Follower of Vehumet.
             Slain by Robin
             ... wielding a +3 trident of protection
              (6 damage)
             ... on level 2 of the Dungeon.
             The game lasted 00:02:06 (916 turns).

firemarshallily the Poker (Demonspawn Gladiator)     Turns: 916, Time: 00:02:07

Health: 0/23       AC:  5    Str: 14    XL:     2   Next: 93%
Magic:  3/3        EV: 12    Int:  9    God:    Vehumet [*.....]
Gold:   36         SH:  0    Dex: 14    Spells: 2/2 levels left

rFire   . . .      SeeInvis .   a - +0 trident
rCold   . . .      Faith    .   (no shield)
rNeg    . . .      Spirit   .   b - +0 leather armour
rPois   .          Reflect  .   c - +0 helmet
rElec   .          Harm     .   (no cloak)
rCorr   .          Rampage  .   (no gloves)
Will    .....      Clarity  +   g - +0 pair of boots
Stlth   +.........              (no amulet)
HPRegen 0.07/turn               (no ring)
MPRegen 0.08/turn               (no ring)

@: no status effects
A: demonic guardian 1, clarity
a: Renounce Religion


You were on level 2 of the Dungeon.
You worshipped Vehumet.
Vehumet was aware of your devotion.
You visited 1 branch of the dungeon, and saw 2 of its levels.

You collected 36 gold pieces.

Inventory:

Hand Weapons
 a - a +0 trident (weapon)
Missiles
 d - 3 throwing nets (quivered)
 e - a javelin
 i - 4 stones
Armour
 b - a +0 leather armour (worn)
 c - a +0 helmet (worn)
 g - a +0 pair of boots (worn)
Scrolls
 f - a scroll of identify {unknown}
Potions
 h - a potion of mutation


   Skills:
 + Level 2.3 Fighting
 * Level 3.1 Polearms
 - Level 1.7 Throwing
 + Level 0.8 Armour
 - Level 2.6 Dodging
 + Level 0.7 Spellcasting


You had 2 spell levels left.
You didn't know any spells.
Your spell library contained the following spells:

 Spells                   Type           Power      Damage    Failure   Level
 Magic Dart               Conj           0%         1d3       43%         1
 Gell's Gravitas          Tloc           0%         N/A       80%         3
 Lesser Beckoning         Tloc           0%         N/A       80%         3
 Teleport Other           Tloc           0%         N/A       80%         3


Dungeon Overview and Level Annotations

Branches:
Dungeon (2/15)

Altars:
Vehumet

Annotations:
D:2 Robin


Innate Abilities, Weirdness & Mutations

A weak demonic guardian rushes to your aid.
You possess an exceptional clarity of mind.


Message History

Robin throws the goblin at you!
Items here: )))) ††.
You closely miss the goblin. The goblin closely misses you.
You closely miss the goblin. Robin closely misses you.
The goblin hits you with a +0 club.
Robin roars a battlecry!
The goblin goes into a battle-frenzy!
You hit the goblin.
The goblin is severely wounded.
Robin misses you. The goblin barely misses you. Robin throws the goblin at you!
Reach: a) +0 trident
Press: ? - help, Dir - move target, f - Robin
Aim: Robin, wielding a +3 trident of protection, wearing a +1 animal skin and wearing a +0 helmet (fast, about 33% to evade your +0 trident)
You reach to attack!
You hit Robin but do no damage. The goblin barely misses you.
Robin hits you from afar with a +3 trident of protection.
The goblin barely misses you.
The goblin shouts!
Robin barely misses you. Robin throws the goblin at you!
The goblin hits you with a +0 dagger.
Items here: )))) ††.
The goblin shouts!
You hit Robin.
Robin is lightly wounded.
Robin misses you. The goblin hits you but does no damage.
Robin hits you but does no damage.
You barely miss Robin.
Robin is lightly wounded.
Robin closely misses you. The goblin misses you.
You barely miss Robin.
Robin is lightly wounded.
Robin hits you with a +3 trident of protection.
The goblin closely misses you.
Robin hits you with a +3 trident of protection.
* * * LOW HITPOINT WARNING * * *
Unknown command.
It was a potion of mutation.
You feel extremely strange.
Your thoughts seem clearer.
Robin hits you with a +3 trident of protection.
You die... #.# #.# #.# #.# #.# . #.# .g #g# .g. #g# #ggg

#@# #.K.g
##g#
#.g...#g.#
#...g.g.##
#.....###
......
.g...
.####


You could see Robin (fast) and 4 goblins.

Vanquished Creatures
  A dart slug (D:1)
  A ball python (D:1)
  An endoplasm (D:1)
  A giant cockroach (D:1)
  5 goblins
  7 hobgoblins
  A kobold (D:2)
  2 bats
  A frilled lizard (D:1)
  A rat (D:1)
21 creatures vanquished.

Vanquished Creatures (others)
  A plant (D:1)
1 creature vanquished.

Grand Total: 22 creatures vanquished

Notes
Turn   | Place    | Note
-------+----------+-------------------------------------------
     0 | D:1      | firemarshallily the Demonspawn Gladiator began the quest
                  | for the Orb.
     0 | D:1      | Reached XP level 1. HP: 16/16 MP: 1/1
    35 | D:1      | Found a faded altar of an unknown god.
    38 | D:1      | Prayed at the altar of an unknown god.
    38 | D:1      | Became a worshipper of Vehumet
    38 | D:1      | Reached * piety under Vehumet
    38 | D:1      | Offered knowledge of Magic Dart by Vehumet.
   183 | D:1      | Gained mutation: A weak demonic guardian rushes to your
                  | aid. [demonic ancestry]
   183 | D:1      | Reached XP level 2. HP: 19/22 MP: 2/2
   250 | D:1      | Reached skill level 3 in Polearms
   903 | D:2      | Noticed Robin
   916 | D:2      | Gained mutation: You possess an exceptional clarity of
                  | mind. [potion of mutation]
   916 | D:2      | Slain by Robin

Illustrated notes

Levels and vault maps discovered:
D:1:      elethiomel_arrival_quiet, layout_basic,
          shapermc_ecumenical_altar_mp_ritualfount
D:2:      minmay_recursive_quarters, layout_basic, serial_glass,
          glass_columns_a, glass_columns_c, uniq_robin, uniq_jessica

Skill      XL: |  1  2 |
---------------+-------+-----
Polearms       | 3 |  3.1
Fighting       | |  2.3
Throwing       | |  1.7
Armour         | |  0.8
Dodging        | |  2.6
Spellcasting   | |  0.7

Action                   || total
-------------------------++-------
Melee: Trident           ||    69
  Use: Potion            ||     1
Armor: Leather armour    ||    15
Dodge: Dodged            ||    40
